 Dungeon Crawl Stone Soup version 0.22.1-1-ga44c0e5 (webtiles) character file.

373851 Starchild the Executioner (level 21, -32/188 HPs)
             Began as a Minotaur Fighter on Sept 25, 2018.
             Was a Believer of Uskayaw.
             Killed from afar by a lich (71 damage)
             ... with an iron shot
             ... on level 2 of the Depths.
             The game lasted 04:14:12 (48532 turns).

Starchild the Executioner (Minotaur Fighter)       Turns: 48532, Time: 04:14:14

Health: -32/188    AC: 40    Str: 20    XL:     21   Next: 75%
Magic:  28/28      EV: 10    Int:  7    God:    Uskayaw [**....]
Gold:   2923       SH: 25    Dex: 20    Spells: 20/20 levels left

rFire    . . .     SeeInvis .   K - +2 broad axe (venom)
rCold    + + .     Gourm    .   x - +5 shield {AC+3}
rNeg     + + +     Faith    .   p - +9 scales of the Dragon King {rPois rF+ rC+ MR+}
rPois    +         Spirit   .   V - +2 hat {Int+3}
rElec    .         Reflect  +   c - scarf {cloud immunity}
rCorr    .         Harm     .   L - +2 pair of gloves "Viumeon" {rPois}
MR       +++..     Clarity  +   g - +1 pair of boots
Stlth    ..........             y - +5 amulet of reflection
HPRegen  0.41/turn              w - ring of Ywash {Ice +Fly rN+++ Int-2 Stlth+}
MPRegen  0.21/turn              Y - ring of protection from magic

@: no status effects
A: retaliatory headbutt, horns 2, clarity, low mp 1, wild magic 1, MP-powered
wands
}: 2/15 runes: serpentine, barnacled
a: Stomp, Line Pass, Renounce Religion, Evoke Flight


You were on level 2 of the Depths.
You worshipped Uskayaw.
Uskayaw was pleased with you.
You were not hungry.

You visited 9 branches of the dungeon, and saw 41 of its levels.
You also visited: Ossuary.

You collected 4860 gold pieces.
You spent 1937 gold pieces at shops.

Inventory:

Hand Weapons
 m - the +3 whip of Wondrous Power {freeze, Str+4}
   (You took it off a crimson imp on level 10 of the Dungeon)

   It has been specially enchanted to freeze those struck by it, causing extra
   injury to most foes and up to half again as much damage against particularly
   susceptible opponents.
   It can also slow down cold-blooded creatures.
   It affects your strength (+4).
 K - a +2 broad axe of venom (weapon)
 O - a +2 antimagic war axe
Missiles
 e - a throwing net
 h - 33 poisoned javelins (quivered)
Armour
 c - a scarf of cloud immunity (worn)
 g - a +1 pair of boots (worn)
 p - the +9 scales of the Dragon King (worn) {rPois rF+ rC+ MR+}
   (You found it on level 6 of the Dungeon)

   It protects you from fire.
   It protects you from cold.
   It protects you from poison.
   It affects your resistance to hostile enchantments.
 x - a +5 shield of protection (worn)
 L - the +2 pair of gloves "Viumeon" (worn) {rPois}
   (You found it on level 2 of the Vaults)

   It protects you from poison.
 V - a +2 hat of intelligence (worn)
Jewellery
 i - a +5 ring of strength
 w - the ring of Ywash (left hand) {Ice +Fly rN+++ Int-2 Stlth+}
   (You bought it in a shop on level 12 of the Dungeon)

   [ring of ice]

   It enhances your ice magic.
   It affects your intelligence (-2).
   It makes you vulnerable to fire.
   It protects you from cold.
   It renders you almost immune to negative energy.
   It lets you fly.
   It makes you more stealthy.
 y - a +5 amulet of reflection (around neck)
 Y - a ring of protection from magic (right hand)
 Z - an uncursed ring of resist corrosion
Wands
 a - a wand of disintegration (41)
 o - a wand of flame (44)
 u - a wand of random effects (49)
 D - a wand of scattershot (3)
 E - a wand of acid (36)
 I - a wand of iceblast (32)
 J - a wand of paralysis (24)
 Q - a wand of clouds (6)
 T - a wand of polymorph (39)
Scrolls
 b - 5 scrolls of fog
 j - 7 scrolls of fear
 r - 18 scrolls of teleportation
 t - 5 scrolls of enchant weapon
 v - 4 scrolls of identify
 A - 21 scrolls of remove curse
 B - 5 scrolls of magic mapping
 U - 7 scrolls of blinking
 W - 6 scrolls of immolation
Potions
 d - 2 potions of might
 k - 3 potions of lignification
 l - 4 potions of ambrosia
 n - 6 potions of haste
 q - 12 potions of curing
 s - 2 potions of berserk rage
 z - 3 potions of mutation
 C - 7 potions of agility
 H - 5 potions of cancellation
 M - a potion of heal wounds
 R - a potion of magic
 X - 5 potions of flight
Miscellaneous
 G - a lightning rod (4/4)
 N - a phial of floods
 P - a fan of gales
 S - a phantom mirror
Comestibles
 f - 42 rations


   Skills:
 - Level 16.3 Fighting
 * Level 26.8 Axes
 - Level 10.1 Throwing
 - Level 15.3 Armour
 - Level 12.0 Dodging
 - Level 15.8 Shields
 - Level 15.5 Invocations


You had 20 spell levels left.
You didn't know any spells.
Your spell library contained the following spells:

 Spells                   Type           Power        Failure   Level  Hunger
 Animate Skeleton         Necr           N/A          100%        1    ##.....
 Beastly Appendage        Tmut           #.....       100%        1    ##.....
 Corona                   Hex            #......      100%        1    ##.....
 Freeze                   Ice            #...         100%        1    ##.....
 Magic Dart               Conj           #...         100%        1    ##.....
 Sandblast                Erth           #.....       100%        1    ##.....
 Shock                    Conj/Air       #...         100%        1    ##.....
 Sting                    Conj/Pois      #...         100%        1    ##.....
 Summon Butterflies       Summ           #.......     100%        1    ##.....
 Summon Small Mammal      Summ           #...         100%        1    ##.....
 Blink                    Tloc           N/A          100%        2    ###....
 Call Imp                 Summ           #.......     100%        2    ###....
 Ensorcelled Hibernation  Hex/Ice        #.....       100%        2    ###....
 Passwall                 Tmut/Erth      #.......     100%        2    ###....
 Poisonous Vapours        Pois/Air       #.....       100%        2    ###....
 Slow                     Hex            #.......     100%        2    ###....
 Sticks to Snakes         Tmut           #.......     100%        2    ###....
 Swiftness                Chrm/Air       #.......     100%        2    ###....
 Throw Frost              Conj/Ice       #.....       100%        2    ###....
 Call Canine Familiar     Summ           #.......     100%        3    ####...
 Confuse                  Hex            #.......     100%        3    ####...
 Conjure Flame            Conj/Fire      #.......     100%        3    ####...
 Dazzling Spray           Conj/Hex       #.....       100%        3    ####...
 Mephitic Cloud           Conj/Pois/Air  #.......     100%        3    ####...
 Ozocubu's Armour         Chrm/Ice       #.......     100%        3    ####...
 Recall                   Summ/Tloc      N/A          100%        3    ####...
 Spider Form              Tmut/Pois      #.........   100%        3    ####...
 Static Discharge         Conj/Air       #.......     100%        3    ####...
 Stone Arrow              Conj/Erth      #.....       100%        3    ####...
 Tukima's Dance           Hex            #.......     100%        3    ####...
 Airstrike                Air            #.........   100%        4    #####..
 Cause Fear               Hex            #.........   100%        4    #####..
 Ice Form                 Ice/Tmut       #.......     100%        4    #####..
 Olgreb's Toxic Radiance  Pois           #.......     100%        4    #####..
 Passage of Golubria      Tloc           N/A          100%        4    #####..
 Petrify                  Tmut/Erth      #.......     100%        4    #####..
 Summon Ice Beast         Ice/Summ       #.......     100%        4    #####..
 Summon Lightning Spire   Summ/Air       #.......     100%        4    #####..
 Throw Icicle             Conj/Ice       #.......     100%        4    #####..
 Blade Hands              Tmut           #.........   100%        5    ######.
 Lee's Rapid Deconstruct  Erth           #.........   100%        5    ######.
 Lightning Bolt           Conj/Air       #.........   100%        5    ######.
 Metabolic Englaciation   Hex/Ice        #.........   100%        5    ######.
 Silence                  Hex/Air        #.........   100%        5    ######.
 Summon Mana Viper        Hex/Summ       #.......     100%        5    ######.
 Venom Bolt               Conj/Pois      #.........   100%        5    ######.
 Yara's Violent Unravell  Hex/Tmut       #.........   100%        5    ######.
 Darkness                 Hex            #.........   100%        6    #######
 Death Channel            Necr           #.........   100%        6    #######
 Deflect Missiles         Chrm/Air       #.........   100%        6    #######
 Freezing Cloud           Conj/Ice/Air   #.........   100%        6    #######
 Invisibility             Hex            #.......     100%        6    #######
 Ozocubu's Refrigeration  Ice            #.........   100%        6    #######
 Malign Gateway           Summ/Tloc      #.........   100%        7    #######
 Monstrous Menagerie      Summ           #.........   100%        7    #######
 Ring of Flames           Chrm/Fire      #.........   100%        7    #######
 Spellforged Servitor     Conj/Summ      #.........   100%        7    #######
 Summon Greater Demon     Summ           #.........   100%        7    #######
 Summon Hydra             Summ           #.........   100%        7    #######
 Discord                  Hex            #.........   100%        8    #######
 Ignition                 Fire           #.........   100%        8    #######
 Summon Horrible Things   Summ           #.........   100%        8    #######
 Shatter                  Erth           #.........   100%        9    #######
 Tornado                  Air            #.........   100%        9    #######


Dungeon Overview and Level Annotations

Branches:
Dungeon (15/15)            Temple (1/1) D:7            Lair (6/6) D:9
 Shoals (4/4) Lair:4        Snake (4/4) Lair:2        Slime (0/5) Lair:5
    Orc (2/2) D:12            Elf (3/3) Orc:2        Vaults (4/5) D:14
  Crypt (0/3) Vaults:2     Depths (2/5) D:15

Altars:
Ashenzari
Cheibriados
Dithmenos
Elyvilon
Fedhas
Gozag
Hepliaklqana
Kikubaaqudgha
Makhleb
Nemelex Xobeh
Okawaru
Qazlal
Ru
Sif Muna
Trog
Uskayaw
Vehumet
Wu Jian
Xom
Yredelemnul
Zin
The Shining One
Beogh
Lugonu

Shops:
D:5 (   D:12 =:[(   D:13 (!   Orc:2 *}%[:   Elf:2 %   Elf:3 ?   Vaults:1 [

Portals:
Hell: Depths:1
Abyss: Depths:1
Pandemonium: Orc:2
Ziggurat: Depths:1

Annotations:
D:6 3 runed doors, MalarOregon's ghost, novice MiBe
D:13 2 runed doors


Innate Abilities, Weirdness & Mutations

You reflexively headbutt those who attack you in melee.
You have a pair of horns on your head.
You possess an exceptional clarity of mind.
Your magical capacity is low. (-10% MP)
Your spells are a little harder to cast, but a little more powerful.
You expend magic power (3 MP) to strengthen your wands.


Message History

The tormentor calls on the powers of darkness!
Your body is wracked with pain!
The lich gestures wildly while chanting.
The lich flickers and vanishes!
Deactivating autopickup; reactivate with Ctrl-A.
The lich casts a spell at you. You resist with almost no effort.
You hit the lich.
The lich is almost destroyed.
You slash something! You hit the tormentor but do no damage.
The tormentor calls on the powers of darkness!
Your body is wracked with pain!
* * * LOW HITPOINT WARNING * * *
Your scales of the Dragon King prevents you from hitting the lich.
The lich is almost destroyed.
You hit something. You hit the tormentor but do no damage.
You block the rakshasa's attack. The lich casts a spell at you.
The iron shot hits you!
You die...

#...§.
##..§≈.
#...≈.
##....
#....#
.R..#
###L2#
#.{@##
##....#
#....##
#....#
#..#.#
#..#.#
#..#.#
#..8.#
#<.#.#


You could see a lich, a rakshasa and a tormentor.

Vanquished Creatures
  Sojobo (Vaults:3)
  the Enchantress (Depths:2)
  A tentacled monstrosity (Vaults:4)
  A lich (Vaults:4)
  4 deep elf blademasters
  4 sphinxes
  Gastronok (Lair:1)
  Agnes (Elf:2)
  Ilsuiw (Shoals:2)
  3 tengu reavers
  7 nagarajas (Snake:4)
  An iron dragon (Depths:1)
  7 vault wardens
  2 fire giants (Vaults:4)
  A frost giant (Vaults:4)
  9 deep elf sorcerers
  5 deep elf elementalists
  12 ironheart preservers
  A very ugly thing (Depths:1)
  8 stone giants
  An entropy weaver (Vaults:4)
  Nessos (Lair:5)
  3 spriggan defenders (Depths:2)
  A large abomination (Elf:3)
  8 deep elf demonologists (Elf:3)
  10 deep elf annihilators
  Azrael (D:13)
  4 ettins
  2 merfolk javelineers (Shoals:4)
  Snorg (Lair:4)
  11 deep elf death magi
  2 fire dragons (Vaults:1)
  5 merfolk impalers
  2 deep elf high priests (Elf:3)
  A crystal guardian (Vaults:4)
  5 yaktaur captains
  4 ice dragons
  Erolcha (D:9)
  3 rakshasas
  Fannar (D:12)
  3 vault guards
  9 naga warriors
  5 catoblepae
  7 centaur warriors
  13 hydras
  2 spriggan air magi (Depths:2)
  11 anacondas
  5 merfolk aquamancers
  2 satyrs
  17 dancing weapons
  2 death knights
  A death yak (shapeshifter) (Vaults:4)
  4 merfolk avatars
  A deep troll shaman (Vaults:1)
  30 two-headed ogres
  4 tengu warriors
  10 ogre magi
  A deep troll earth mage (Depths:1)
  9 orc high priests
  5 naga sharpshooters
  14 death yaks
  26 deep elf knights
  7 shock serpents
  17 sea snakes
  3 skeletal warriors (D:11)
  2 infernal demonspawn (Orc:2)
  2 salamander mystics (Snake:3)
  A spark wasp zombie (Depths:1)
  8 deep trolls
  3 unseen horrors
  A glowing orange brain (Vaults:2)
  A golden dragon skeleton (Depths:1)
  A naga ritualist (Snake:3)
  13 deep elf archers
  A torturous demonspawn (Orc:2)
  A small abomination (Vaults:3)
  16 ironbrand convokers
  3 wizards
  2 wolf spider zombies
  12 orc knights
  2 phantasmal warriors
  A harpy (shapeshifter) (Vaults:2)
  2 harpies (Shoals:4)
  4 orc sorcerers (Orc:2)
  3 necromancers
  4 mana vipers
  91 deep elf magi
  An orb spider (shapeshifter) (Vaults:2)
  17 ugly things
  5 wolf spiders
  11 fauns
  6 salamanders
  An oklob plant (Lair:4)
  5 cyclopes
  2 stone giant skeletons
  4 rust devils
  11 naga magi
  20 black mambas
  7 merfolk sirens
  7 guardian serpents
  A black mamba (shapeshifter) (Vaults:4)
  10 manticores
  A guardian serpent (shapeshifter) (Vaults:4)
  14 vault sentinels
  3 water nymphs (Shoals:4)
  8 spiny frogs
  A gargoyle (D:14)
  A torpor snail (Lair:4)
  4 rime drakes
  6 freezing wraiths
  28 yaktaurs
  7 komodo dragons
  A kobold demonologist (D:14)
  A yaktaur skeleton (Vaults:3)
  An ice devil (Orc:2)
  A queen bee (shapeshifter) (Vaults:3)
  A tengu conjurer (Depths:1)
  7 trolls
  2 hornets (shapeshifter)
  5 polar bears
  A meliai (shapeshifter) (Vaults:4)
  26 merfolk
  4 wind drakes
  8 blink frogs
  Prince Ribbit (Lair:1)
  2 hornets
  7 slime creatures
  6 dream sheep (Lair:5)
  12 hippogriffs
  5 snapping turtles
  2 redbacks (Vaults:4)
  2 air elementals (Elf:2)
  2 shadows (D:15)
  A tarantella (shapeshifter) (Vaults:4)
  A wyvern (shapeshifter) (Vaults:1)
  A wyvern (D:10)
  2 wraiths
  A spriggan (Depths:2)
  A yak (shapeshifter) (Vaults:3)
  12 water elementals
  3 fire elementals
  A human (shapeshifter) (Depths:1)
  A human (D:9)
  A basilisk (shapeshifter) (Vaults:2)
  43 yaks
  A chaos spawn (Orc:2)
  4 hogs (D:9)
  2 hungry ghosts
  A redback simulacrum (D:15)
  6 wargs
  A yaktaur simulacrum (Depths:1)
  An acid dragon (D:14)
  41 nagas
  An acid dragon (shapeshifter) (D:14)
  A floating eye (shapeshifter) (Elf:1)
  3 hell hounds (D:13)
  A swamp worm (shapeshifter) (Depths:1)
  13 water moccasins
  39 orc warriors
  8 porcupines
  A meliai simulacrum (D:15)
  An ice beast (D:9)
  5 sky beasts
  6 black bears
  5 phantoms
  2 eyes of draining
  12 centaurs
  35 ogres
  9 wolves
  11 crocodiles
  6 big kobolds
  10 earth elementals
  The ghost of zapotec the Sneak, an amateur SpEE of Cheibriados (D:3)
  23 bullfrogs
  A gnoll sergeant (D:9)
  A wyvern zombie (D:7)
  4 scorpions
  A water moccasin skeleton (D:8)
  4 killer bees (D:10)
  5 electric eels
  6 howler monkeys
  3 human simulacra
  A wight (D:14)
  5 bullfrog zombies (Ossuary)
  4 centaur zombies
  6 crimson imps
  A quasit (D:6)
  A bullfrog skeleton (D:8)
  4 hounds
  6 jellies
  30 orc priests
  4 centaur skeletons
  5 iguanas
  23 orc wizards
  Jessica (D:8)
  9 worker ants
  2 hound zombies (Ossuary)
  2 hound skeletons
  12 mummies (Ossuary)
  A howler monkey zombie (D:8)
  4 worker ant zombies
  6 gnolls
  6 adders
  3 shadow imps
  3 oozes
  2 adder zombies (Ossuary)
  An adder skeleton (D:3)
  A worm (D:2)
  2 dart slugs
  9 leopard geckos
  70 orcs
  2 ball pythons
  9 bats
  A giant cockroach (D:3)
  8 goblins
  6 hobgoblins
  23 kobolds
  2 quokkas
  A ball python zombie (Ossuary)
  5 frilled lizards
  A quokka zombie (D:3)
  9 rats
  2 bushes (Lair:4)
  6 crawling corpses
  2 fungi
  18 plants
1460 creatures vanquished.

Vanquished Creatures (others)
  A deep elf master archer (Elf:3)
  2 deep elf annihilators (Elf:3)
  2 merfolk javelineers (Shoals:4)
  A merfolk aquamancer (Shoals:4)
  A naga sharpshooter (Snake:4)
  A deep elf knight (Elf:3)
  2 deep elf archers (Elf:1)
  A cyclops (Vaults:2)
  7 yaktaurs
  2 yaks (Lair:5)
  A kobold (D:9)
  5 fungi
  7 plants
  A withered plant (Ossuary)
34 creatures vanquished.

Grand Total: 1494 creatures vanquished

Notes
Turn   | Place    | Note
-------+----------+-------------------------------------------
     0 | D:1      | Starchild the Minotaur Fighter began the quest for the Orb.
     0 | D:1      | Reached XP level 1. HP: 19/19 MP: 0/0
   187 | D:1      | Reached XP level 2. HP: 26/26 MP: 1/1
   437 | D:1      | Reached skill level 3 in Axes
   512 | D:1      | Found a snail-covered altar of Cheibriados.
   719 | D:2      | Reached XP level 3. HP: 31/31 MP: 2/2
   855 | D:2      | Found a stormy altar of Qazlal.
  1486 | D:3      | Reached skill level 5 in Armour
  1539 | D:3      | Reached skill level 4 in Axes
  1539 | D:3      | Reached XP level 4. HP: 4/39 MP: 3/3
  1849 | D:3      | Found a glowing silver altar of Zin.
  1981 | D:3      | Found a shadowy altar of Dithmenos.
  2049 | D:3      | Found a runed gate.
  2049 | D:3      | Found a runed gate.
  2049 | D:3      | Found a runed gate.
  2085 | D:3      | Reached skill level 5 in Axes
  2085 | D:3      | Reached XP level 5. HP: 35/45 MP: 4/4
  2249 | D:3      | Noticed zapotec's ghost (amateur SpEE)
  2359 | D:3      | Killed zapotec's ghost
  2359 | D:3      | Reached skill level 6 in Axes
  2609 | D:4      | Found a sand-covered staircase.
  2619 | D:4      | Noticed a phantom
  2620 | Ossuary  | Entered an ossuary
  2635 | Ossuary  | Reached XP level 6. HP: 36/51 MP: 5/5
  2882 | Ossuary  | Reached skill level 5 in Shields
  2882 | Ossuary  | Reached skill level 7 in Axes
  2914 | Ossuary  | Reached XP level 7. HP: 44/57 MP: 6/6
  3174 | Ossuary  | Reached skill level 8 in Axes
  3316 | D:5      | Entered Level 5 of the Dungeon
  3618 | D:5      | Found a shimmering altar of Xom.
  3763 | D:5      | Found a burning altar of Makhleb.
  3765 | D:5      | Noticed a balrug
  3769 | D:5      | Noticed a ynoxinul
  3769 | D:5      | Noticed an orange demon
  3845 | D:5      | Reached skill level 9 in Axes
  4167 | D:4      | Reached XP level 8. HP: 64/64 MP: 7/7
  4645 | D:5      | Found a shattered altar of Ashenzari.
  4689 | D:5      | Found Beseig's Antique Weapon Emporium.
  4913 | D:6      | Found a runed gate.
  4915 | D:6      | Noticed MalarOregon's ghost (novice MiBe)
  4917 | D:6      | Found a runed gate.
  4917 | D:6      | Found a runed gate.
  4993 | D:6      | Reached skill level 10 in Axes
  5316 | D:6      | Found the +9 scales of the Dragon King {rPois rF+ rC+ MR+}
  5517 | D:6      | Found a hazy altar of Hepliaklqana.
  5805 | D:7      | Reached skill level 11 in Axes
  5888 | D:7      | Found a blossoming altar of Fedhas.
  5895 | D:7      | Reached XP level 9. HP: 70/70 MP: 8/8
  5906 | D:7      | You fall through a shaft!
  6170 | D:7      | You fall through a shaft for 3 floors!
  6170 | D:10     | Entered Level 10 of the Dungeon
  6213 | D:10     | Reached skill level 12 in Axes
  6221 | D:10     | Reached skill level 10 in Shields
  6434 | D:10     | Noticed a troll
  6586 | D:10     | Noticed a troll
  6605 | D:10     | Killed a troll
  6624 | D:10     | Got a twisted whip {freeze}
  6703 | D:9      | Noticed Erolcha
  6776 | D:9      | Noticed a two-headed ogre
  6785 | D:9      | Killed a two-headed ogre
  6785 | D:9      | Reached skill level 13 in Axes
  6785 | D:9      | Reached XP level 10. HP: 77/77 MP: 9/9
  6804 | D:9      | Found a bloodstained altar of Trog.
  7067 | D:9      | Found a staircase to the Lair.
  7272 | D:8      | Found an ornate altar of the Wu Jian Council.
  7308 | D:8      | Got a translucent great sword
  7629 | D:7      | Found a radiant altar of Vehumet.
  7655 | D:7      | Found a staircase to the Ecumenical Temple.
  7666 | D:7      | Reached skill level 14 in Axes
  7707 | Temple   | Entered the Ecumenical Temple
  7751 | Temple   | Became a worshipper of Uskayaw the Reveler
  7832 | D:7      | Reached * piety under Uskayaw
  7855 | D:7      | Found a stormy altar of Qazlal.
  7855 | D:7      | Found a sacrificial altar of Ru.
  7861 | D:7      | Reached ** piety under Uskayaw
  7871 | D:7      | Reached *** piety under Uskayaw
  7874 | D:7      | Reached **** piety under Uskayaw
  7878 | D:7      | Reached ***** piety under Uskayaw
  7910 | D:7      | Found a white marble altar of Elyvilon.
  7910 | D:7      | Found a sparkling altar of Nemelex Xobeh.
  8183 | D:8      | Noticed Jessica
  8191 | D:8      | Found a deep blue altar of Sif Muna.
  8206 | D:8      | Killed Jessica
  8636 | D:9      | Killed Erolcha
  8778 | D:9      | Reached XP level 11. HP: 82/82 MP: 10/10
  9500 | D:10     | Reached skill level 15 in Axes
  9500 | D:10     | Reached ****** piety under Uskayaw
 10215 | D:11     | Noticed a green ugly thing
 10226 | D:11     | Killed a green ugly thing
 10263 | D:11     | Noticed a two-headed ogre
 10276 | D:11     | Killed a two-headed ogre
 10374 | D:11     | Noticed a skeletal warrior
 10376 | D:11     | Noticed a skeletal warrior
 10376 | D:11     | Noticed a skeletal warrior
 10582 | D:12     | Found Asicecle's Jewellery Boutique.
 10612 | D:12     | Noticed Fannar
 10660 | D:12     | Killed Fannar
 10768 | D:12     | Found Rekk's Antique Armour Shoppe.
 10781 | D:12     | Reached skill level 16 in Axes
 10789 | D:12     | You fall through a shaft!
 10789 | D:13     | Found a large runed door.
 10789 | D:13     | Found a large runed door.
 10793 | D:13     | Noticed a centaur warrior
 10806 | D:13     | Reached skill level 15 in Shields
 10895 | D:13     | Noticed a two-headed ogre
 10908 | D:13     | Killed a two-headed ogre
 10922 | D:13     | Got a brightly glowing morningstar
 11021 | D:13     | Found Nusor's Antique Weapon Boutique.
 11036 | D:13     | Noticed a purple ugly thing
 11046 | D:13     | Killed a purple ugly thing
 11046 | D:13     | Reached XP level 12. HP: 91/91 MP: 11/11
 11065 | D:13     | Found a shadowy altar of Dithmenos.
 11114 | D:13     | Found Epnam Saiho's Distillery.
 11138 | D:13     | Noticed Azrael
 11163 | D:13     | Killed Azrael
 11163 | D:13     | Reached skill level 5 in Fighting
 11452 | D:12     | Found a staircase to the Orcish Mines.
 11523 | D:12     | Found Inoenemn's Weapon Shoppe.
 11649 | D:12     | Found Diorr's Book Shoppe.
 12801 | D:13     | Noticed a tengu warrior
 12802 | D:13     | Noticed a tengu warrior
 12815 | D:13     | Killed a tengu warrior
 12845 | D:13     | Killed a tengu warrior
 12965 | D:13     | Noticed a two-headed ogre
 13121 | D:14     | Reached skill level 10 in Armour
 13216 | D:14     | Noticed a centaur warrior
 13234 | D:14     | Killed a centaur warrior
 13667 | Orc:1    | Entered Level 1 of the Orcish Mines
 13681 | Orc:1    | Found a roughly hewn altar of Beogh.
 14136 | Orc:1    | Identified the +3 whip of Wondrous Power {freeze, Str+4}
                  | (You took it off a crimson imp on level 10 of the Dungeon)
 14137 | Orc:1    | Identified the +10 great sword "Killer Klown's Regret"
                  | {protect, rF+ Dex+4} (You found it on level 8 of the
                  | Dungeon)
 14138 | Orc:1    | Identified the +6 morningstar "Hypporph" {crush, rElec}
                  | (You found it on level 13 of the Dungeon)
 14152 | Orc:2    | Entered Level 2 of the Orcish Mines
 14153 | Orc:2    | Found a staircase to the Elven Halls.
 14303 | Orc:2    | Reached XP level 13. HP: 91/108 MP: 12/12
 14584 | Orc:2    | Found Hawapin's Book Emporium.
 15124 | Orc:2    | Found Webbany's Food Boutique.
 15254 | Orc:2    | Found Zeohug's General Store.
 15264 | Orc:2    | Paralysed by a chaos spawn for 5 turns
 15418 | Orc:1    | You fall through a shaft!
 15983 | Lair:1   | Entered Level 1 of the Lair of Beasts
 15983 | Lair:1   | Noticed Prince Ribbit
 15983 | Lair:1   | Noticed Gastronok
 16215 | D:14     | Reached skill level 1 in Invocations
 16879 | D:14     | Found a gate to the Vaults.
 17173 | D:15     | Entered Level 15 of the Dungeon
 17371 | D:15     | Reached skill level 15 in Armour
 17887 | D:15     | Found a staircase to the Depths.
 18022 | D:15     | Reached XP level 14. HP: 102/118 MP: 16/16
 18190 | D:15     | Reached skill level 5 in Invocations
 18988 | Lair:1   | Killed Prince Ribbit
 18998 | Lair:1   | Killed Gastronok
 19930 | Lair:2   | Found a shimmering altar of Xom.
 20203 | Lair:2   | Found a staircase to the Snake Pit.
 20982 | Lair:3   | Reached skill level 10 in Invocations
 21987 | Lair:4   | Noticed Snorg
 22005 | Lair:4   | Killed Snorg
 22679 | Lair:4   | Found a staircase to the Shoals.
 23394 | Orc:2    | Gained mutation: You are clumsy. (Dex -2) [a neqoxec]
 23400 | Orc:2    | Gained mutation: Your body sometimes deteriorates upon
                  | taking damage. [a neqoxec]
 23783 | Orc:2    | Reached XP level 15. HP: 73/124 MP: 13/23
 24030 | Orc:2    | Reached skill level 1 in Dodging
 24119 | Orc:2    | Found Ahouv's Gadget Shoppe.
 24119 | Orc:2    | Found Axzori's Antique Armour Emporium.
 24119 | Orc:2    | Found a one-way gate leading to the halls of Pandemonium.
 24843 | Lair:5   | Found a staircase to the Slime Pits.
 24868 | Lair:5   | Reached skill level 5 in Dodging
 25038 | Lair:5   | Noticed Nessos
 25052 | Lair:5   | Killed Nessos
 25555 | Lair:6   | Entered Level 6 of the Lair of Beasts
 25958 | Lair:6   | Identified Zouckoca's Handbook of Congealing Black Magic
 26037 | Lair:6   | Got a wavering granite ring
 26038 | Lair:6   | Identified the ring of Heuhysk {*Tele Slay+2} (You found it
                  | on level 6 of the Lair of Beasts)
 26603 | Lair:6   | Reached skill level 10 in Dodging
 26869 | Lair:6   | Identified the Disquisition on the Entourage
 27187 | Snake:1  | Entered Level 1 of the Snake Pit
 27332 | Snake:1  | Found a blossoming altar of Fedhas.
 27780 | Snake:1  | Reached XP level 16. HP: 124/132 MP: 24/24
 28874 | Snake:3  | Reached skill level 17 in Axes
 29604 | D:12     | Bought the ring of Ywash {Ice +Fly rN+++ Int-2 Stlth+} for
                  | 966 gold pieces
 29604 | D:12     | Bought a +5 amulet of reflection for 741 gold pieces
 30074 | Snake:3  | Reached skill level 18 in Axes
 30306 | Snake:4  | Entered Level 4 of the Snake Pit
 30371 | Snake:4  | Reached skill level 1 in Throwing
 30470 | Snake:4  | HP: 5/132 [shock serpent/bolt of electricity (31)]
 30496 | Snake:4  | Reached skill level 5 in Throwing
 31540 | Snake:4  | Reached XP level 17. HP: 113/138 MP: 25/25
 31735 | Snake:4  | Got a serpentine rune of Zot
 32419 | Shoals:1 | Entered Level 1 of the Shoals
 32429 | Shoals:1 | Reached skill level 10 in Throwing
 32619 | Lair:4   | Lost mutation: You are clumsy. (Dex -2) [potion of
                  | mutation]
 32619 | Lair:4   | Lost mutation: Your body sometimes deteriorates upon taking
                  | damage. [potion of mutation]
 32619 | Lair:4   | Gained mutation: You expend magic power (3 MP) to
                  | strengthen your wands. [potion of mutation]
 32619 | Lair:4   | Gained mutation: Your spells are a little harder to cast,
                  | but a little more powerful. [potion of mutation]
 32619 | Lair:4   | Gained mutation: Your magical capacity is low. (-10% MP)
                  | [potion of mutation]
 32619 | Lair:4   | Gained mutation: You possess an exceptional clarity of
                  | mind. [potion of mutation]
 33011 | Vaults:1 | Entered Level 1 of the Vaults
 33215 | Vaults:1 | Reached skill level 10 in Fighting
 33262 | Vaults:1 | Found Ymuar's Antique Armour Shoppe.
 34535 | Vaults:2 | Got a pair of twisted gloves
 34536 | Vaults:2 | Identified the +2 pair of gloves "Viumeon" {rPois} (You
                  | found it on level 2 of the Vaults)
 35139 | Vaults:2 | Found a staircase to the Crypt.
 35139 | Vaults:2 | Found an ancient bone altar of Kikubaaqudgha.
 35140 | Vaults:2 | Found a basalt altar of Yredelemnul.
 35352 | Vaults:2 | Reached XP level 18. HP: 158/160 MP: 24/24
 36031 | Vaults:3 | Reached skill level 15 in Invocations
 36086 | Vaults:3 | Noticed Sojobo
 36107 | Vaults:3 | Killed Sojobo
 37055 | Vaults:3 | Reached skill level 15 in Fighting
 37201 | Vaults:4 | Noticed a tentacled monstrosity
 37273 | Vaults:4 | Killed a tentacled monstrosity
 37273 | Vaults:4 | Reached skill level 19 in Axes
 37632 | Vaults:4 | Reached XP level 19. HP: 143/170 MP: 26/26
 38102 | Vaults:4 | Reached skill level 20 in Axes
 38155 | Vaults:4 | HP: 8/172 [poisoned by an ogre mage (bolt of poison)]
 38854 | Vaults:4 | Identified the +5 chain mail of Nufuah {rC+ Str+3 Slay-4
                  | Stlth+} (You found it on level 4 of the Vaults)
 39181 | Vaults:4 | Reached skill level 21 in Axes
 40120 | Elf:1    | Entered Level 1 of the Elven Halls
 40755 | Elf:1    | Paralysed by a floating eye for 2 turns
 40778 | Elf:1    | Reached skill level 22 in Axes
 41549 | Elf:2    | Found Duemnuka's Food Shoppe.
 41685 | Elf:2    | Noticed Agnes
 41695 | Elf:2    | Killed Agnes
 41838 | Elf:2    | Found a huge runed gate.
 41838 | Elf:2    | Found a huge runed gate.
 41838 | Elf:2    | Found a huge runed gate.
 41838 | Elf:2    | Found a huge runed gate.
 41839 | Elf:2    | Found a huge runed gate.
 41952 | Elf:2    | Reached XP level 20. HP: 179/180 MP: 9/27
 42101 | Elf:2    | Reached skill level 23 in Axes
 42509 | Elf:2    | Identified the +1 troll leather armour of the Elven Halls
                  | {Regen+ Str+3} (You found it on level 2 of the Elven Halls)
 42676 | Elf:3    | Entered Level 3 of the Elven Halls
 42762 | Elf:3    | Found Intatuif's Magic Scroll Boutique.
 42770 | Elf:3    | Bought a scroll of identify for 22 gold pieces
 42770 | Elf:3    | Bought a scroll of identify for 22 gold pieces
 42770 | Elf:3    | Bought a scroll of enchant weapon for 82 gold pieces
 42770 | Elf:3    | Bought a scroll of identify for 22 gold pieces
 42770 | Elf:3    | Bought a scroll of identify for 22 gold pieces
 42770 | Elf:3    | Bought a scroll of identify for 22 gold pieces
 42770 | Elf:3    | Bought a scroll of fear for 38 gold pieces
 43108 | Elf:3    | Reached skill level 24 in Axes
 43877 | Elf:3    | Reached skill level 25 in Axes
 43891 | Elf:3    | Got a flickering zirconium amulet
 43894 | Elf:3    | Identified the amulet of Olimayd {Harm *Corrode *Drain
                  | *Slow +Fly rPois} (You took it off a deep elf mage on level
                  | 3 of the Elven Halls)
 44195 | Elf:3    | Got an ancient lead ring
 44196 | Elf:3    | Identified the ring "Wupinn" {Wiz rN+ Dex+5 Stlth-} (You
                  | found it on level 3 of the Elven Halls)
 44292 | Elf:3    | Identified the +11 shortbow of an ossuary {flame, MR+} (You
                  | found it on level 3 of the Elven Halls)
 44348 | Elf:3    | Identified the Compendium of Icy Creation
 45149 | Shoals:2 | Noticed Ilsuiw
 45164 | Shoals:2 | Reached XP level 21. HP: 174/187 MP: 0/28
 45182 | Shoals:2 | Killed Ilsuiw
 45412 | Shoals:4 | Entered Level 4 of the Shoals
 45764 | Shoals:4 | Identified the +3 robe of Peos {*Contam +Fly MR+} (You
                  | found it on level 4 of the Shoals)
 46746 | Shoals:4 | Got a barnacled rune of Zot
 47545 | Depths:1 | Entered Level 1 of the Depths
 47564 | Depths:1 | Reached skill level 26 in Axes
 47726 | Depths:1 | Found a one-way gate to the infinite horrors of the Abyss.
 48028 | Depths:1 | Found a gateway to a ziggurat.
 48353 | Depths:1 | Found a gateway to Hell.
 48460 | Depths:2 | Noticed the Enchantress
 48486 | Depths:2 | Killed the Enchantress
 48493 | Depths:2 | Got faerie dragon scales
 48494 | Depths:2 | Identified the +0 faerie dragon scales {rN+ rCorr Int-5
                  | Dex+5} (You took it off the Enchantress on level 2 of the
                  | Depths)
 48532 | Depths:2 | Killed from afar by a lich

Skill      XL: |  1  2  3  4  5  6  7  8  9 10 11 12 13 14 15 16 17 18 19 20 21 |
---------------+----------------------------------------------------------------+-----
Armour         | 4 5 6 11 15 | 15.3
Axes           | 3 4 5 6 7 9 11 13 14 16 18 19 22 25 26 | 26.8
Shields        | 4 5 6 8 11 13 15 | 15.8
Fighting       | 4 8 9 14 15 16 | 16.3
Invocations    | 4 12 13 15 | 15.5
Dodging        | 11 12 | 12.0
Throwing       | 9 10 | 10.1

Action                   |  1- 3 |  4- 6 |  7- 9 | 10-12 | 13-15 | 16-18 | 19-21 || total
-------------------------+-------+-------+-------+-------+-------+-------+-------++-------
Melee: War axe           |    85 |   112 |   294 |   542 |       |       |   613 ||  1646
       Headbutt          |    15 |    26 |    52 |   220 |   580 |   340 |   436 ||  1669
       Hand axe          |       |       |       |   342 |  1775 |       |       ||  2117
       Whip              |       |       |       |       |   107 |       |       ||   107
       Broad axe         |       |       |       |       |    92 |  1214 |   966 ||  2272
Throw: Stone             |       |       |    19 |     1 |    10 |       |       ||    30
       Tomahawk          |       |       |     6 |    22 |     6 |    55 |    92 ||   181
       Javelin           |       |       |    13 |     1 |    25 |    10 |    22 ||    71
       Throwing net      |       |       |       |       |       |     2 |     1 ||     3
Invok: Stomp             |       |       |       |     3 |    14 |    24 |    15 ||    56
       Line Pass         |       |       |       |     4 |     2 |     6 |     5 ||    17
       Grand Finale      |       |       |       |       |       |     3 |     3 ||     6
 Abil: Evoke Flight      |       |       |       |       |       |     1 |     2 ||     3
Evoke: Wand              |       |       |       |       |     3 |       |       ||     3
  Use: Scroll            |       |       |    14 |     6 |    11 |    10 |    17 ||    58
       Potion            |       |       |     9 |     3 |       |     6 |     9 ||    27
 Stab: Distracted        |       |     1 |       |       |       |       |     2 ||     3
       Sleeping          |       |       |     1 |       |       |       |       ||     1
       Paralysed         |       |       |       |    56 |   206 |   148 |   175 ||   585
       Petrified         |       |       |       |       |     3 |       |       ||     3
       Confused          |       |       |       |       |       |     1 |     2 ||     3
       Held in net/web   |       |       |       |       |       |     1 |       ||     1
  Eat: Chunk             |     2 |     3 |    10 |    13 |    29 |    18 |    20 ||    95
       Ration            |       |       |     1 |     5 |     5 |     7 |     7 ||    25
Armor: Scale mail        |    51 |    11 |       |       |       |       |       ||    62
       Leather armour    |       |    24 |    38 |       |       |       |       ||    62
       Gold dragon scale |       |       |   115 |   417 |   796 |   307 |   479 ||  2114
       Skin              |       |       |       |       |       |       |    19 ||    19
Dodge: Dodged            |    53 |    20 |    51 |    61 |   218 |   150 |   213 ||   766
Block: Shield            |     3 |    41 |   153 |   539 |   995 |   870 |  1290 ||  3891
       Reflection        |       |       |       |       |       |    80 |   114 ||   194
